 Dungeon Crawl Stone Soup version 0.31.0-2-g5a2aebc5c2 (webtiles) character file.

Game seed: 10698953006715804892

73 bpung the Changeling (level 4, 0/41 HPs)
             Began as a Troll Shapeshifter on Jan 20, 2024.
             Slain by a gnoll
             ... wielding a +3 halberd
              (6 damage)
             ... on level 2 of the Dungeon.
             The game lasted 00:02:57 (1059 turns).

bpung the Changeling (Troll Shapeshifter)           Turns: 1059, Time: 00:02:57

Health: 0/41       AC:  4    Str: 24    XL:     4   Next: 8%
Magic:  3/3        EV: 10    Int:  6    God:
Gold:   78         SH:  0    Dex:  9    Spells: 3/3 levels left

rFire   . .          .
                       - Unarmed
rCold   . . .        (no shield)
rNeg    . . .        a - +0 animal skin
rPois   .            (helmet currently unavailable)
rElec   .            (cloak currently unavailable)
rCorr   .            (gloves unavailable)
SInv    .            (boots unavailable)
Will    .....        (no amulet)
Stlth   +            (no ring)
HPRegen 1.06/turn    (no ring)
MPRegen 0.08/turn

%: no passive effects
@: beast-form
A: beast (slay +2), large, unfitting armour, claws 3, regeneration 1, shaggy fur
1, tough skin 1
a: Begin Untransformation


You were on level 2 of the Dungeon.
You were a hulking beast.
You visited 1 branch of the dungeon, and saw 2 of its levels.

You collected 78 gold pieces.

Inventory:

Missiles
 i - 2 atropa-tipped darts (quivered)
Armour
 a - a +0 animal skin (worn)
Talismans
 c - a beast talisman
 d - a flux talisman
 e - a maw talisman
Scrolls
 f - a scroll of immolation {unknown}
 g - a scroll of fog {unknown}
 j - a scroll of teleportation {unknown}
Potions
 b - a potion of lignification
 h - a potion of heal wounds {unknown}


   Skills:
 + Level 1.5 Fighting
 + Level 2.1 Dodging
 + Level 3.4 Unarmed Combat
 * Level 3.7 Shapeshifting


You had 3 spell levels left.
You didn't know any spells.
Your spell library was empty.

Dungeon Overview and Level Annotations

Branches:
Dungeon (2/15)

Altars:


Innate Abilities, Weirdness & Mutations

You are a hulking beast.
Your limbs bulge with bestial killing power. (Slay +2)
You are too large for most types of armour.
You have claws for hands.
Your natural rate of healing is unusually fast.
You are covered in fur. (AC +1)
You have tough skin. (AC +1)


Message History

The goblin barely misses you.
You claw the goblin!
You kill the goblin!
Things that are here:
a +0 club; a goblin corpse
Things that are here:
a +0 club; a goblin corpse
Found a +0 spear.
You see here a +0 spear.
An endoplasm comes into view.
The gnoll shouts! x2
Throw: 3 darts (atropa)
Press: ? - help, Q - select action Shift-Dir - straight line, f - gnoll
Aim: a gnoll, wielding a +3 halberd (56% to hit, chance to blind on hit: 100%)
You throw an atropa-tipped dart. The atropa-tipped dart hits the gnoll.
The gnoll appears confused.
The gnoll seems less confused.
You claw the gnoll!
The gnoll is severely wounded.
You barely miss the gnoll.
The gnoll is no longer blind.
The gnoll hits you with a +3 halberd. The gnoll hits you with a +0 flail.
You barely miss the gnoll.
The gnoll is severely wounded.
The gnoll hits you with a +3 halberd! The gnoll closely misses you.
You barely miss the gnoll.
The gnoll is severely wounded.
The gnoll hits you with a +3 halberd! The gnoll closely misses you.
The gnoll shouts!
You scratch the gnoll.
The gnoll is severely wounded.
The gnoll misses you. The gnoll hits you with a +0 flail!
* * * LOW HITPOINT WARNING * * *
The gnoll barely misses you.
The gnoll hits you from afar with a +3 halberd!
* * * LOW HITPOINT WARNING * * *
Found a leather armour.
The gnoll attacks as it pursues you! The gnoll barely misses you.
The gnoll attacks as it pursues you!
The gnoll hits you from afar with a +3 halberd.
You die...

#.#####.# #.# g# #.#
g# #.# g# #.#####.#
.# #.......# .#
####.#.## #[. ####?#
#.#.#####.J.#
.g...######...ggh...#
.......(.g....####..#
####...####..## ##
##.# #..# ......#
####.# #.# #.. #..


You could see 3 gnolls and an endoplasm (asleep).

Vanquished Creatures
  2 gnolls (D:1)
  A ribbon worm (D:2)
  A dart slug (D:2)
  3 endoplasms (D:1)
  2 giant cockroaches (D:1)
  6 goblins
  5 hobgoblins (D:1)
  6 jackals (D:1)
  A quokka (D:1)
  4 ball pythons
  4 bats (D:1)
  A frilled lizard (D:1)
  3 kobolds
  6 rats
45 creatures vanquished.

Notes
Turn   | Place    | Note
-------+----------+-------------------------------------------
     0 | D:1      | bpung the Troll Shapeshifter began the quest for the Orb.
     0 | D:1      | Reached XP level 1. HP: 18/18 MP: 0/0
    84 | D:1      | Reached skill level 1 in Fighting
    85 | D:1      | Reached XP level 2. HP: 27/27 MP: 1/1
   167 | D:1      | Reached XP level 3. HP: 33/33 MP: 2/2
   214 | D:1      | Found a faded altar of an unknown god.
   931 | D:2      | Reached XP level 4. HP: 41/41 MP: 3/3
  1059 | D:2      | Slain by a gnoll

Illustrated notes

Levels and vault maps discovered:
D:1:      psy_arrival_statuary, layout_basic, basic_ecumenical_altar,
          nicolae_the_louvre
D:2:      layout_loops_ring, minmay_hexomino_r4

Skill      XL: |  1  2  3 |
---------------+----------+-----
Fighting       | 1 |  1.5
Dodging        | 2 |  2.1
Unarmed Combat | |  3.4
Shapeshifting  | |  3.7

Action                     |  1- 3 |  4- 6 || total
---------------------------+-------+-------++-------
  Melee: Unarmed           |   102 |     9 ||   111
  Throw: Dart              |       |     1 ||     1
 Armour: Animal skin       |    72 |     8 ||    80
  Dodge: Dodged            |    46 |     7 ||    53
